 Dungeon Crawl Stone Soup version 0.31.0-11-ge490571c62 (webtiles) character file.

Game seed: 7557176819369447215

88 qw the Shooter (level 4, -5/25 HPs)
             Began as a Deep Elf Hunter on Feb 4, 2024.
             Slain by a water moccasin (8 damage)
             ... on level 6 of the Dungeon.
             The game lasted 00:00:07 (2098 turns).

qw the Shooter (Deep Elf Hunter)                    Turns: 2098, Time: 00:00:08

Health: -5/25      AC:  5    Str: 10    XL:     4   Next: 30%
Magic:  6/6        EV: 11    Int: 14    God:
Gold:   108        SH:  0    Dex: 24    Spells: 3/3 levels left

rFire   . . .        a - +0 shortbow
rCold   . . .        (shield currently unavailable)
rNeg    . . .        i - +0 ring mail
rPois   +            (no helmet)
rElec   .            (no cloak)
rCorr   .            (no gloves)
SInv    .            (no boots)
Will    .....        (no amulet)
Stlth   ++           b - +6 ring of dexterity
HPRegen 0.24/turn    f - ring of poison resistance
MPRegen 0.10/turn

%: no passive effects
@: about to teleport
A: no striking features
a: no special abilities


You were on level 6 of the Dungeon.
You visited 2 branches of the dungeon, and saw 5 of its levels.

You collected 108 gold pieces.


   Skills:
 - Level 1.5 Fighting
 + Level 7.7 Ranged Weapons
 - Level 2.4 Dodging
 - Level 1.2 Stealth


You had 3 spell levels left.
You didn't know any spells.
Your spell library was empty.

Inventory:

Hand Weapons
 a - a +0 shortbow (weapon)
Armour
 i - a +0 ring mail (worn)
Jewellery
 b - a +6 ring of dexterity (left hand)
 f - a ring of poison resistance (right hand)
Potions
 d - 3 potions of curing
 e - a potion of might
 g - a potion of attraction {unknown}
 h - a potion of ambrosia {unknown}

Dungeon Overview and Level Annotations

Branches:
Dungeon (6/15)             Temple (1/1) D:6

Altars:
Cheibriados
Dithmenos
Elyvilon
Hepliaklqana
Kikubaaqudgha
Nemelex Xobeh
Sif Muna
Trog
Uskayaw
Vehumet
Wu Jian
Xom
Yredelemnul
The Shining One

Annotations:
D:2 1 runed translucent door, Crazy Yiuf


Message History

You climb downwards.
Welcome to the Ecumenical Temple!
Found a shadowy altar of Dithmenos.
Found a staircase back to the Dungeon.
There is a staircase back to the Dungeon here.
Waypoint 4 assigned to Temple.
Enter note:
Enter note:
Enter note:
Enter note:
Enter note:
Enter note:
Enter note: Done exploring.
2086 ||| PLANNING D:1-11 What level of the Dungeon? (default 6, ? - help)
You climb upwards.
Welcome back to the Dungeon!
There is a staircase to the Ecumenical Temple here.
There is an open door here.
As you open the door, it creaks loudly!
You hear an angry hiss.
A water moccasin comes into view.
There is an open door here.
You shoot an arrow.
The arrow closely misses the water moccasin.
The water moccasin bites you! The water moccasin bites you.
You shoot an arrow. The arrow hits the water moccasin!
The water moccasin is moderately wounded.
The water moccasin bites you.
You shoot an arrow.
The arrow hits the water moccasin but does no damage.
The water moccasin is moderately wounded.
The water moccasin bites you!
The water moccasin bites you but does no damage.
2097 ||| READING scroll of teleportation.
As you read the scroll of teleportation, it crumbles to dust.
You feel strangely unstable. The water moccasin bites you.
You shoot an arrow.
The arrow barely misses the water moccasin.
The water moccasin completely misses you.
The water moccasin bites you!
You die...

## # .#.# #.#.# ....
###+####... #.....#..#
#.###.#S# +.#>#.@.#
#.#'#.### #. #.....#
#. ###. ###'####
#.#~##..##.....#
#.#~##.^##+#...#
#.#~~#.........######
##.~~~[...............
#...~~........########


You could see a water moccasin.

Vanquished Creatures
  2 adders
  A dart slug (D:1)
  2 ribbon worms (D:2)
  3 orcs (D:3)
  3 ball pythons
  11 endoplasms
  2 giant cockroaches
  4 hobgoblins
  2 jackals (D:1)
  5 kobolds
  2 quokkas (D:1)
  9 bats
  5 frilled lizards
  5 goblins
  2 rats (D:2)
58 creatures vanquished.

Notes
Turn   | Place    | Note
-------+----------+-------------------------------------------
     0 | D:1      | qw the Deep Elf Hunter began the quest for the Orb.
     0 | D:1      | Reached XP level 1. HP: 12/12 MP: 3/3
     0 | D:1      | 0 ||| qw: Version: 0.3-a-160-g6735b56
     0 | D:1      | 0 ||| qw: Game counter: 4881
     0 | D:1      | 0 ||| qw: Melee chars always use a shield: true
     0 | D:1      | 0 ||| qw: God list: Okawaru
     0 | D:1      | 0 ||| qw: Allow faded altars: false
     0 | D:1      | 0 ||| qw: Do Orc after clearing Dungeon:15 true
     0 | D:1      | 0 ||| qw: Do second Lair branch before Depths: true
     0 | D:1      | 0 ||| qw: Lair rune preference: random
     0 | D:1      | 0 ||| qw: Goals: Normal
     0 | D:1      | 0 ||| PLANNING D:1-11
   255 | D:1      | Reached XP level 2. HP: 16/16 MP: 4/4
   280 | D:1      | Reached skill level 6 in Ranged Weapons
   580 | D:1      | Reached XP level 3. HP: 19/20 MP: 5/5
   909 | D:1      | 909 ||| UPGRADING to +0 ring mail.
   919 | D:1      | 919 ||| DROPPING +0 leather armour.
   920 | D:1      | 920 ||| READING scroll labelled XOREOM VOMPE.
   925 | D:1      | 925 ||| READING 2 scrolls labelled PESADW KISOK.
   925 | D:1      | 925 ||| IDENTIFYING sapphire potion
   926 | D:1      | 926 ||| READING scroll of identify.
   926 | D:1      | 926 ||| IDENTIFYING 2 green potions
   927 | D:1      | 927 ||| DRINKING 3 glowing pink potions.
   928 | D:1      | 928 ||| DROPPING scroll of butterflies.
   929 | D:1      | 929 ||| DROPPING 2 potions of degeneration.
  1045 | D:2      | HP: 4/20 [ribbon worm (4)]
  1046 | D:2      | 1046 ||| READING scroll of teleportation.
  1047 | D:2      | 1047 ||| DRINKING potion of heal wounds.
  1091 | D:2      | Reached skill level 7 in Ranged Weapons
  1635 | D:2      | Identified the +10 mace "Nyzitu Tutha" {pain, *Slow rPois
                  | SInv Stlth+}
  1895 | D:2      | Found a runed translucent door.
  1896 | D:2      | Noticed Crazy Yiuf
  1899 | D:2      | 1899 ||| UPGRADING to +6 ring of dexterity.
  1900 | D:2      | 1900 ||| UPGRADING to ring of poison resistance.
  1901 | D:2      | 1901 ||| READING scroll of identify.
  1901 | D:2      | 1901 ||| IDENTIFYING bubbling emerald potion
  1938 | D:3      | Reached XP level 4. HP: 25/25 MP: 6/6
  1941 | D:3      | Found an ancient bone altar of Kikubaaqudgha.
  2056 | D:3      | You fall into a shaft and drop 3 floors!
  2081 | D:6      | Found a staircase to the Ecumenical Temple.
  2082 | D:6      | 2082 ||| PLANNING TEMPLE
  2085 | Temple   | Entered the Ecumenical Temple
  2086 | Temple   | 2086 ||| PLANNING D:1-11
  2093 | D:6      | Noticed a water moccasin
  2096 | D:6      | HP: 5/25 [water moccasin (7)]
  2097 | D:6      | 2097 ||| READING scroll of teleportation.
  2098 | D:6      | Slain by a water moccasin

Levels and vault maps discovered:
D:1:      lordsloth_arrival_two_stooges, layout_loops_corners, nicolae_titane
D:2:      layout_loops_corners, minmay_misc_feat_tower, hex_medium,
          uniq_crazy_yiuf_cottage
D:3:      layout_loops_ring, kiku_gazebo_garden_becter, uniq_grinder
D:6:      layout_basic, minmay_temple_entry_glassed_door, dk_noncrumbling_4,
          amcnicky_mini_rare_corridor_liquid, minmay_misc_feat_ornament,
          minmay_statues_item, grunt_decor_mini_mirrors,
          chequers_serial_rivers_small_3
Temple:   dshaligram_water_room_temple

Skill      XL: |  1  2  3 |
---------------+----------+-----
Ranged Weapons | 6 7 |  7.7
Fighting       | |  1.5
Dodging        | |  2.4
Stealth        | |  1.2

Action                     |  1- 3 |  4- 6 || total
---------------------------+-------+-------++-------
   Fire: Shortbow          |   141 |    36 ||   177
    Use: Scroll            |     5 |     1 ||     6
         Potion            |     2 |       ||     2
 Armour: Leather armour    |    30 |       ||    30
         Ring mail         |    14 |    12 ||    26
  Dodge: Dodged            |    32 |    10 ||    42

Table legend:
 A = Non-vault XP
 B = Vault XP
 C = Vault XP percentage of total XP
 D = Non-vault monster count
 E = Vault monster count
 F = Vault count percentage of total count
                 A         B        C        D         E       F
            +---------+---------+-------+---------+---------+-------
      Total |     127 |       0 |   0.0 |      58 |       0 |   0.0
            +---------+---------+-------+---------+---------+-------
        D:1 |      51 |       0 |   0.0 |      29 |       0 |   0.0
        D:2 |      44 |       0 |   0.0 |      18 |       0 |   0.0
        D:3 |      32 |       0 |   0.0 |      11 |       0 |   0.0
            +---------+---------+-------+---------+---------+-------
